 Dungeon Crawl Stone Soup version 0.21-a0-472-g223bcb9 (webtiles) character file.

127 slep the Slasher (level 4, 0/35 HPs)
             Began as a Demonspawn Monk on Nov 21, 2017.
             Slain by a gnoll
             ... wielding a +0 whip
              (1 damage)
             ... on level 3 of the Dungeon.
             The game lasted 00:08:02 (2406 turns).

slep the Slasher (Demonspawn Monk)                  Turns: 2406, Time: 00:08:03

Health: 0/35       AC:  7    Str: 11    XL:     4   Next: 85%
Magic:  4/4        EV: 10    Int: 11    God:
Gold:   144        SH:  0    Dex: 17    Spells: 3/3 levels left

rFire    . . .     SeeInvis .   a - +0 falchion
rCold    + + .     Gourm    +   (no shield)
rNeg     . . .     Faith    .   m - +0 scale mail (curse)
rPois    +         Spirit   .   e - +0 helmet
rElec    .         Reflect  .   (no cloak)
rCorr    .         Harm     .   (no gloves)
MR       .....                  (no boots)
Stlth    +.........             o - amulet of the gourmand
HPRegen  0.11/turn              g - ring of protection from cold
MPRegen  0.09/turn              h - ring of poison resistance

@: no status effects
A: cold resistance 1
a: no special abilities


You were on level 3 of the Dungeon.
You were full.

You visited 1 branch of the dungeon, and saw 3 of its levels.

You collected 144 gold pieces.

Inventory:

Hand Weapons
 a - a +0 falchion (weapon)
Armour
 b - a +0 robe
 e - a +0 helmet (worn)
 j - a +0 ring mail
 m - a cursed +0 scale mail (worn)
Jewellery
 g - a ring of protection from cold (left hand)
 h - a ring of poison resistance (right hand)
 o - an amulet of the gourmand (around neck)
 p - an uncursed amulet of rage {unknown}
Scrolls
 d - a scroll of remove curse {unknown}
 f - a scroll of blinking {unknown}
 k - 4 scrolls of identify {unknown}
Potions
 n - a potion of curing {unknown}
 q - a potion of brilliance {unknown}
Comestibles
 c - 2 bread rations
 i - 3 fruits
 l - a royal jelly


   Skills:
 + Level 3.5 Fighting
 + Level 3.6 Long Blades
 + Level 1.5 Armour
 + Level 3.5 Dodging
 + Level 2.0 Stealth


You had 3 spell levels left.
You didn't know any spells.

Dungeon Overview and Level Annotations

Branches:
Dungeon (3/15)

Altars:
The Shining One


Innate Abilities, Weirdness & Mutations

Your flesh is cold resistant. (rC+)


Message History

You hit the gnoll.
The gnoll is severely wounded.
The gnoll barely misses you. The gnoll hits you but does no damage.
You hit the gnoll.
You kill the gnoll!
The gnoll barely misses you. The gnoll hits you but does no damage.
You hit the gnoll.
The gnoll is heavily wounded.
The gnoll hits you but does no damage. The gnoll hits you with a whip.
You hit the gnoll.
The gnoll is heavily wounded.
The gnoll hits you from afar with a halberd!
* * * LOW HITPOINT WARNING * * *
The gnoll hits you but does no damage.
You barely miss the gnoll.
The gnoll is heavily wounded.
The gnoll hits you from afar with a halberd!
* * * LOW HITPOINT WARNING * * *
The gnoll hits you with a whip.
You die...

.## ..# ..# ### ..# ###.
.. (. #... .#g #.#. #g#
#.#. ######@###### #.#.
...?.........# #.#.
#######.####.########.#.
#.................
#######.........#.
###########. #. ##


You could see 2 gnolls.

Vanquished Creatures
  A crimson imp (D:2)
  2 gnolls
  An adder (D:2)
  A worm (D:3)
  2 dart slugs
  A leopard gecko (D:2)
  A ball python (D:2)
  6 bats
  3 giant cockroaches
  7 goblins
  5 hobgoblins
  8 jackals (D:2)
  A quokka (D:2)
  4 frilled lizards
  5 kobolds
  6 rats
54 creatures vanquished.

Notes
Turn   | Place    | Note
-------+----------+-------------------------------------------
     0 | D:1      | slep the Demonspawn Monk began the quest for the Orb.
     0 | D:1      | Reached XP level 1. HP: 18/18 MP: 1/1
   231 | D:1      | Gained mutation: Your flesh is cold resistant. (rC+) [demonic ancestry]
   231 | D:1      | Reached XP level 2. HP: 24/24 MP: 2/2
   353 | D:1      | Found a glowing golden altar of the Shining One.
   849 | D:2      | Reached XP level 3. HP: 26/29 MP: 3/3
  1559 | D:2      | Reached skill level 1 in Armour
  1559 | D:2      | Reached XP level 4. HP: 29/35 MP: 4/4
  2406 | D:3      | HP: 1/35 [gnoll/halberd (9)]
  2406 | D:3      | Slain by a gnoll

Vault maps used:
D:1:      minmay_arrival_plants_in_alcoves, tso_metal_star
D:2:      minmay_pentomino_x4
D:3:      lemuel_statue_altar

Skill      XL: |  1  2  3  4 |
---------------+-------------+-----
Long Blades    | 3 |  3.6
Dodging        | 3 |  3.5
Armour         | 1 |  1.5
Stealth        | 2 |  2.0
Fighting       | |  3.5

Action                   |  1- 3 |  4- 6 || total
-------------------------+-------+-------++-------
Melee: Falchion          |   149 |    58 ||   207
 Stab: Sleeping          |     1 |       ||     1
  Eat: Chunk             |     2 |     9 ||    11
Armor: Ring mail         |    38 |       ||    38
       Scale mail        |    28 |    26 ||    54
Dodge: Dodged            |    84 |    31 ||   115
       Rpst.: Falchion   |    25 |     9 ||    34

Table legend:
 A = Spawn XP
 B = Non-spawn XP
 C = Spawn XP percentage of total XP
 D = Spawn monster count
 E = Non-spawn monster count
 F = Spawn count percentage of total count
 G = Total turns spent on level
                    A         B        C        D         E        F      G
               +---------+---------+-------+---------+---------+-------+---------
         Total |       0 |     182 |   0.0 |       0 |      54 |   0.0 |  2406
               +---------+---------+-------+---------+---------+-------+---------
           D:1 |       0 |      23 |   0.0 |       0 |      14 |   0.0 |   700
           D:2 |       0 |     127 |   0.0 |       0 |      31 |   0.0 |  1480
           D:3 |       0 |      32 |   0.0 |       0 |       9 |   0.0 |   226
               +---------+---------+-------+---------+---------+-------+---------
